 Dungeon Crawl Stone Soup version 0.26.1-11-gd32895ea62 (webtiles) character file.

Game seed: 7875151801158905933

108 dtburroughs the Chopper (level 4, -11/41 HPs)
             Began as a Minotaur Berserker on July 10, 2021.
             Was a Believer of Trog.
             Mangled by an orc warrior
             ... wielding a +0 short sword
              (13 damage)
             ... on level 3 of the Dungeon.
             The game lasted 00:03:08 (2185 turns).

dtburroughs the Chopper (Minotaur Berserker)        Turns: 2185, Time: 00:03:08

Health: -11/41     AC:  6    Str: 21    XL:     4   Next: 58%
Magic:  3/3        EV:  6    Int:  5    God:    Trog [**....]
Gold:   116        SH: 12    Dex: 10    Spells: 3/3 levels left

rFire    . . .     SeeInvis .   a - +0 hand axe
rCold    . . .     Faith    .   s - +0 tower shield
rNeg     . . .     Spirit   .   h - +0 scale mail
rPois    .         Reflect  .   (helmet restricted)
rElec    .         Harm     .   (no cloak)
rCorr    .         Rampage  .   (no gloves)
Will     ++...                  (no boots)
Stlth    ..........             (no amulet)
HPRegen  1.13/turn              (no ring)
MPRegen  0.08/turn              (no ring)

@: regenerating
A: retaliatory headbutt, horns 2
a: Renounce Religion, Berserk, Trog's Hand


You were on level 3 of the Dungeon.
You worshipped Trog.
Trog was pleased with you.
You visited 1 branch of the dungeon, and saw 3 of its levels.

You collected 116 gold pieces.

Inventory:

Hand Weapons
 a - a +0 hand axe (weapon)
Armour
 h - a +0 scale mail (worn)
 s - a +0 tower shield (worn)
Jewellery
 b - an uncursed ring of protection from cold {unknown}
Wands
 q - a wand of iceblast (7)
Scrolls
 c - 5 scrolls of identify {unknown}
 d - 3 scrolls of remove curse {unknown}
 g - 2 scrolls of fear {unknown}
 i - a scroll of immolation {unknown}
 k - a scroll of enchant armour {unknown}
 p - 3 scrolls of teleportation {unknown}
Potions
 f - 2 potions of heal wounds {unknown}
 j - 3 potions of lignification {unknown}
 l - 2 potions of berserk rage {unknown}
 m - 3 potions of brilliance {unknown}
 n - a potion of cancellation {unknown}
 o - 2 potions of haste {unknown}
 r - a potion of curing {unknown}


   Skills:
 + Level 4.4 Fighting
 + Level 4.4 Axes
 + Level 3.6 Armour
 + Level 3.2 Dodging
 + Level 0.4 Shields
 + Level 0.2 Evocations


You had 3 spell levels left.
You didn't know any spells.
Your spell library was empty.

Dungeon Overview and Level Annotations

Branches:
Dungeon (3/15)

Altars:


Innate Abilities, Weirdness & Mutations

You reflexively headbutt those who attack you in melee.
You have a pair of horns on your head.


Message History

The orc warrior hits you with a +0 short sword!
The orc hits you but does no damage.
You barely miss the orc warrior. Your headbutt misses the orc warrior.
The orc warrior is heavily wounded.
The orc warrior hits you with a +0 short sword.
The orc hits you from afar with a +0 trident.
* * * LOW HITPOINT WARNING * * *
The goblin hits you but does no damage.
The orc warrior hits you with a +0 short sword!
* * * LOW HITPOINT WARNING * * *
You closely miss the orc warrior.
The orc warrior is heavily wounded.
You barely miss the goblin. You block the orc's attack.
The goblin hits you but does no damage. The orc warrior closely misses you.
You furiously retaliate!
You headbutt the orc warrior.
Your skin crawls.
You feel strong-willed. The orc hits you but does no damage.
You block the goblin's attack.
The orc warrior hits you with a +0 short sword!
You die...

... ..o.## ...# g..(. .
....###o..###.#
............. ##
##...#?...# ...#..#......#
#.......####.# ..
###.(.##o####.## ##.
#).......o@g...# #..
.....###.###.#.## #.# ##
...#.....# ....#.####.##..
##......######............#
...##......................
#...##.##.####...###.<....
###..#.# ... #...........
##.#.####......##...<...
#.....# ...# ##.#.....


You could see an orc warrior, an orc and a goblin.

Vanquished Creatures
  Jessica (D:2)
  A worker ant (D:2)
  An ooze (D:2)
  3 dart slugs
  2 leopard geckos (D:1)
  A giant cockroach (D:1)
  7 goblins
  5 hobgoblins
  5 jackals
  3 ball pythons
  5 bats
  2 frilled lizards (D:2)
  2 kobolds
  9 rats
47 creatures vanquished.

Notes
Turn   | Place    | Note
-------+----------+-------------------------------------------
     0 | D:1      | dtburroughs the Minotaur Berserker began the quest for the
                  | Orb.
     0 | D:1      | Reached XP level 1. HP: 19/19 MP: 0/0
   165 | D:1      | Reached XP level 2. HP: 17/27 MP: 1/1
   584 | D:1      | Reached XP level 3. HP: 30/33 MP: 2/2
   644 | D:1      | Reached ** piety under Trog
  1225 | D:2      | Noticed Jessica
  1235 | D:2      | Killed Jessica
  1286 | D:2      | Reached XP level 4. HP: 38/40 MP: 3/3
  2167 | D:3      | Noticed an orc warrior
  2183 | D:3      | HP: 1/41 [orc warrior/+0 short sword (10)]
  2185 | D:3      | Mangled by an orc warrior

Illustrated notes

Levels and vault maps discovered:
D:1:      amcnicky_arrival_feature_with_door, layout_basic
D:2:      layout_rooms, st_stairs_10, uniq_jessica
D:3:      layout_rooms, grunt_temple_overflow_diamond

Skill      XL: |  1  2  3 |
---------------+----------+-----
Fighting       | 4 |  4.4
Axes           | 4 |  4.4
Armour         | 3 |  3.6
Dodging        | 3 |  3.2
Shields        | |  0.4
Evocations     | |  0.2

Action                   |  1- 3 |  4- 6 || total
-------------------------+-------+-------++-------
Melee: Hand axe          |    71 |    29 ||   100
       Headbutt          |     9 |     7 ||    16
Invok: Trog's Hand       |       |     1 ||     1
Armor: Animal skin       |    18 |     2 ||    20
       Scale mail        |       |    11 ||    11
Dodge: Dodged            |    61 |    17 ||    78
Block: Tower shield      |       |    14 ||    14
